 Dungeon Crawl Stone Soup version 0.25-a0-10-g2fe12d4386 (webtiles) character file.

Game seed: 6534957956793098110, levelgen mode: deterministic

46774 Johnny the Earth Mage (level 13, -14/107 HPs)
             Began as a Demigod Earth Elementalist on Oct 15, 2019.
             Demolished by a stone giant (45 damage)
             ... in a volcano.
             The game lasted 00:28:29 (20373 turns).

Johnny the Earth Mage (Demigod Earth Elementalist) Turns: 20373, Time: 00:28:30

Health: -14/107    AC:  7    Str:  8    XL:     13   Next: 68%
Magic:  2/32       EV: 19    Int: 31    God:
Gold:   1771       SH:  0    Dex: 20    Spells: 18/33 levels left

rFire    + + .     SeeInvis .   L - +7 short sword "Kozoel" {drain, rC++ Str-3 Dex+4 Stlth+}
rCold    + + +     Gourm    .   (no shield)
rNeg     . . .     Faith    .   S - +2 robe of Vines {NoPotionHeal Regen+7}
rPois    .         Spirit   .   F - +0 helmet
rElec    .         Reflect  .   (no cloak)
rCorr    .         Harm     +   (no gloves)
MR       ++...                  O - +1 pair of boots of Cyram {rF+ rC+ Int+4}
Stlth    +++.......             f - amulet of harm
HPRegen  3.07/turn              a - ring of protection from fire
MPRegen  0.23/turn              D - ring of protection from magic

@: no status effects
A: high mp 1
a: no special abilities


You were in a volcano.
You were near starving.

You visited 2 branches of the dungeon, and saw 17 of its levels.
You also visited: Gauntlet and Volcano.

You collected 1794 gold pieces.
You spent 23 gold pieces at shops.

Inventory:

Hand Weapons
 L - the +7 short sword "Kozoel" (weapon) {drain, rC++ Str-3 Dex+4 Stlth+}
   (You found it on level 11 of the Dungeon)

   A truly terrible weapon, it drains the life of those it strikes.
   It affects your strength (-3).
   It affects your dexterity (+4).
   It greatly protects you from cold.
   It makes you more stealthy.
Missiles
 b - 191 stones (quivered)
Armour
 F - a +0 helmet (worn)
 O - the +1 pair of boots of Cyram (worn) {rF+ rC+ Int+4}
   (You found it in a Gauntlet)

   It affects your intelligence (+4).
   It protects you from fire.
   It protects you from cold.
 R - a +2 robe of magic resistance
 S - the +2 robe of Vines (worn) {NoPotionHeal Regen+7}
   (You found it in a Gauntlet)

   It increases your rate of regeneration.
Magical Staves
 s - an uncursed staff of power {unknown}
 M - an uncursed staff of energy
Jewellery
 a - a ring of protection from fire (left hand)
 f - an amulet of harm (around neck)
 g - an uncursed ring of protection from fire
 C - an uncursed ring of flight
 D - a ring of protection from magic (right hand)
Wands
 i - a wand of flame (48)
 x - a wand of acid (9)
 y - a wand of iceblast (14)
 G - a wand of digging (10)
 J - a wand of disintegration (20)
Scrolls
 c - 2 scrolls of immolation
 e - 2 scrolls of amnesia
 h - a scroll of fog
 l - 3 scrolls of remove curse
 m - 2 scrolls of blinking
 n - 2 scrolls of fear
 o - 3 scrolls of noise
 p - a scroll of magic mapping
 q - 4 scrolls of enchant armour {unknown}
 u - 8 scrolls of enchant weapon
 z - 8 scrolls of teleportation
 B - a scroll of holy word {unknown}
 K - a scroll of random uselessness {unknown}
Potions
 j - 3 potions of flight
 k - 2 potions of lignification
 r - a potion of invisibility
 t - 3 potions of brilliance
 v - 4 potions of curing
 w - 4 potions of heal wounds
 A - 2 potions of mutation
 H - 3 potions of ambrosia
 I - 2 potions of magic {unknown}
Miscellaneous
 E - a phantom mirror
 U - a lamp of fire (inert)
 V - 2 sacks of spiders
Comestibles
 d - 18 rations


   Skills:
 - Level 8.1 Fighting
 + Level 8.5 Dodging
 - Level 1.7 Stealth
 + Level 10.7 Spellcasting
 - Level 0.8 Transmutations
 * Level 15.7 Earth Magic


You had 18 spell levels left.
You knew the following spells:

 Your Spells              Type           Power        Failure   Level  Hunger
a - Sandblast             Erth           ######       0%          1    None
b - Stone Arrow           Conj/Erth      ######       1%          3    None
c - Lee's Rapid Deconstr  Erth           #######...   1%          5    ###....
d - Petrify               Tmut/Erth      ######..     1%          4    None
e - Passwall              Tmut/Erth      ######..     1%          2    None

Your spell library contained the following spells:

 Spells                   Type           Power        Failure   Level  Hunger
 Animate Skeleton         Necr           N/A          3%          1    None
 Apportation              Tloc           ###...       3%          1    None
 Confusing Touch          Hex            ###...       3%          1    None
 Magic Dart               Conj           ###.         3%          1    None
 Summon Small Mammal      Summ           ###.         3%          1    None
 Ensorcelled Hibernation  Hex/Ice        ###...       4%          2    None
 Searing Ray              Conj           ###...       4%          2    None
 Dazzling Spray           Conj/Hex       ###...       9%          3    None
 Force Lance              Conj/Tloc      ###.....     30%         4    None
 Fulminant Prism          Conj/Hex       ###.......   30%         4    None
 Iskenderun's Mystic Bla  Conj           ###.....     30%         4    None
 Metabolic Englaciation   Hex/Ice        ###.......   63%         5    ###....


Dungeon Overview and Level Annotations

Branches:
Dungeon (15/15)            Temple (0/1) D:6            Lair (0/6) D:11
    Orc (2/2) D:12            Elf (0/3) Orc:2        Vaults (0/5) D:14
 Depths (0/5) D:15        Volcano (1/1)             Gauntlet (visited)

Shops:
D:9 [   D:13 (   D:15 [

Annotations:
D:4 Edmund


Innate Abilities, Weirdness & Mutations

You have an increased reservoir of magic. (+10% MP)


Message History

The blast of rock fragments hits the stone giant!!
The stone giant is severely wounded.
There is a large open door here.
Evoke which item? (* to show all) (? for menu, Esc to quit)
Aiming: Corrosive Bolt
Press: ? - help, Shift-Dir - straight line, f - stone giant
Aim: a stone giant (severely wounded)
The bolt of acid hits the stone giant.
The stone giant is splashed with acid.
The stone giant is almost dead.
The stone giant hits you!!!
* * * LOW HITPOINT WARNING * * *
Unknown command.
Evoke which item? (* to show all) (? for menu, Esc to quit)
Aiming: Corrosive Bolt
Press: ? - help, Shift-Dir - straight line, f/p - stone giant
Aim: a stone giant (almost dead)
The bolt of acid hits the stone giant but does no damage.
The stone giant is almost dead.
The stone giant hits you!!!
You die...

≈≈≈≈≈≈≈≈°≈..#....(.#.#......# §
≈≈≈≈≈§≈≈≈≈≈.#..!)#.#.#.#)[).#
≈≈≈≈§≈≈≈≈≈..#.$!C#.#.#.#....#
≈§≈≈§§§≈≈≈§.#.$[%#(#.#.#.)..# §
§§§≈≈≈§≈≈§..######.#.#.######.≈≈
§§≈≈≈§§§§§≈.#.....(#.#......#..≈
§§§≈§ §.###''###'###''###.≈ ≈§≈≈§
#...C#.....#....# ≈≈≈≈
#.∩.@#.8_8.#..∩.# ≈ ≈≈≈≈≈
#....'..)..'....# §§≈ ≈≈≈§§≈≈§§
################# §§≈
≈≈≈§§≈≈≈§§§§ §§§§≈
≈≈≈≈≈≈≈§≈≈≈.≈≈..§≈≈§≈..≈≈§§≈.≈≈○§
≈§≈§§≈§≈§≈≈≈≈≈≈≈≈≈≈≈≈§≈≈≈§§≈≈≈≈≈§
§≈≈§≈≈≈§≈≈≈≈§§≈≈≈§≈≈§≈§§≈≈≈°≈≈≈≈≈
§≈≈≈≈≈≈§§§≈§§≈≈≈≈≈§≈≈§§≈≈§§°≈≈≈≈§
≈§≈≈≈§§§≈≈≈≈§≈≈≈§≈≈≈§§≈§≈§§≈≈≈≈§≈


You could see a stone giant.

Vanquished Creatures
  A minotaur (Gauntlet)
  A yaktaur captain (D:15)
  3 hydras
  4 centaur warriors
  4 two-headed ogres
  2 tengu warriors
  5 skeletal warriors
  An iron troll (D:14)
  2 unseen horrors
  A necromancer (Gauntlet)
  2 wizards (D:14)
  The ghost of MrRokkomies the Arsonist, a novice DEFE of Cheibriados (D:9)
  An orc sorcerer (Orc:2)
  15 ugly things
  A deep elf mage (D:15)
  An elephant (D:11)
  7 cyclopes
  2 manticores
  2 molten gargoyles (Volcano)
  A gargoyle (D:14)
  3 centaur skeletons
  2 kobold demonologists
  An efreet (Volcano)
  5 tengu conjurers
  A yaktaur (D:15)
  A tyrant leech (Gauntlet)
  3 meliai (D:15)
  4 trolls
  A harpy zombie (D:14)
  3 hippogriffs
  A centaur simulacrum (D:15)
  A vampire (D:14)
  A shadow (D:12)
  3 wyverns
  Eustachio (D:5)
  2 fire elementals (Volcano)
  2 wraiths
  7 yaks
  2 fire bats (Volcano)
  A neqoxec (Gauntlet)
  A chaos spawn (Gauntlet)
  A hungry ghost (D:9)
  A warg (Orc:1)
  An acid dragon (D:15)
  2 swamp worms (Gauntlet)
  A water moccasin (D:10)
  9 orc warriors
  A black bear (D:11)
  3 ice beasts
  3 sky beasts
  3 necrophages
  3 phantoms
  3 wolves (Gauntlet)
  4 ogres
  11 centaurs
  2 crocodiles (D:11)
  A crocodile (shapeshifter) (D:15)
  10 bullfrogs
  5 big kobolds
  2 earth elementals (Volcano)
  3 scorpions
  6 killer bees
  A vampire bat (Orc:1)
  31 wights
  A spectral bullfrog (D:9)
  2 spectral centaurs (D:9)
  12 howler monkeys
  5 lava snakes (Volcano)
  4 centaur zombies
  4 crimson imps
  2 quasits
  7 hounds
  A bullfrog zombie (D:12)
  10 orc priests
  6 jellies
  3 bullfrog skeletons
  A gnoll shaman (D:4)
  14 orc wizards
  5 iguanas
  13 worker ants
  A bullfrog simulacrum (D:9)
  2 hound skeletons
  10 gnolls
  A howler monkey skeleton (D:8)
  23 adders
  4 shadow imps
  3 oozes
  An adder skeleton (D:8)
  A worm (D:8)
  2 dart slugs
  9 leopard geckos
  56 orcs
  5 giant cockroaches
  12 goblins
  8 hobgoblins
  5 jackals
  25 kobolds
  5 quokkas
  9 bats
  4 frilled lizards (D:3)
  A jackal skeleton (D:4)
  A leopard gecko skeleton (D:7)
  A quokka zombie (D:7)
  8 rats
  A spectral orc (D:4)
  4 plants (Gauntlet)
502 creatures vanquished.

Vanquished Creatures (others)
  An orc (Orc:2)
  4 bushes (D:15)
  4 fungi (Gauntlet)
  16 plants (Gauntlet)
25 creatures vanquished.

Grand Total: 527 creatures vanquished

Notes
Turn   | Place    | Note
-------+----------+-------------------------------------------
     0 | D:1      | Johnny the Demigod Earth Elementalist began the quest for
                  | the Orb.
     0 | D:1      | Reached XP level 1. HP: 14/14 MP: 5/5
   220 | D:1      | Reached skill level 3 in Earth Magic
   272 | D:1      | Reached XP level 2. HP: 18/22 MP: 5/7
  1129 | D:2      | Reached skill level 1 in Fighting
  1302 | D:2      | Reached XP level 3. HP: 22/28 MP: 5/8
  2042 | D:3      | Found a hide-covered altar of Uskayaw.
  2195 | D:3      | Reached XP level 4. HP: 25/35 MP: 8/10
  2407 | D:3      | Reached skill level 4 in Earth Magic
  2532 | D:3      | Found a shimmering altar of Xom.
  2743 | D:3      | Found a glowing silver altar of Zin.
  3220 | D:4      | Found an opulent altar of Gozag.
  3221 | D:4      | Found a sparkling altar of Nemelex Xobeh.
  3223 | D:4      | Found a bloodstained altar of Trog.
  3307 | D:4      | Reached XP level 5. HP: 19/41 MP: 4/12
  3348 | D:4      | Noticed Edmund
  3392 | D:4      | Reached skill level 5 in Fighting
  3392 | D:4      | Reached skill level 5 in Spellcasting
  3392 | D:4      | Reached skill level 9 in Earth Magic
  3392 | D:4      | Reached XP level 6. HP: 19/57 MP: 11/18
  3602 | D:4      | Found a shadowy altar of Dithmenos.
  3904 | D:4      | Learned a level 3 spell: Stone Arrow
  3910 | D:4      | Learned a level 5 spell: Lee's Rapid Deconstruction
  3915 | D:4      | Learned a level 4 spell: Petrify
  4155 | D:4      | Reached XP level 7. HP: 47/62 MP: 17/19
  4190 | D:4      | Found a basalt altar of Yredelemnul.
  4213 | D:5      | Entered Level 5 of the Dungeon
  4286 | D:5      | Noticed Eustachio
  4392 | D:5      | Killed Eustachio
  4533 | D:5      | Reached XP level 8. HP: 41/71 MP: 5/21
  4875 | D:6      | HP: 3/71 [phantom (9)]
  5528 | D:6      | Found a staircase to the Ecumenical Temple.
  5682 | D:6      | Found a shimmering blue altar of Sif Muna.
  5822 | D:6      | Reached skill level 10 in Earth Magic
  6778 | D:7      | Reached XP level 9. HP: 40/78 MP: 16/22
  7638 | D:7      | Found a glowing golden altar of the Shining One.
  8069 | D:8      | HP: 2/79 [orc priest/divine providence (13)]
  9049 | D:9      | Found Weestiel's Antique Armour Shop.
  9050 | D:9      | Noticed a six-headed hydra
  9053 | D:9      | Killed a six-headed hydra
  9172 | D:9      | Reached skill level 11 in Earth Magic
  9210 | D:9      | Reached XP level 10. HP: 63/86 MP: 3/25
  9396 | D:9      | Found a shimmering blue altar of Sif Muna.
  9471 | D:9      | Found a shimmering altar of Xom.
  9471 | D:9      | Found a burning altar of Makhleb.
 10113 | D:9      | Found a runed translucent gate.
 10114 | D:9      | Found a runed translucent gate.
 10114 | D:9      | Found a runed translucent gate.
 10117 | D:9      | Noticed MrRokkomies's ghost (novice DEFE)
 10625 | D:8      | Found a snail-covered altar of Cheibriados.
 10738 | D:8      | Found a radiant altar of Vehumet.
 11022 | D:10     | Entered Level 10 of the Dungeon
 12435 | D:9      | Killed MrRokkomies's ghost
 12435 | D:9      | Reached skill level 12 in Earth Magic
 12468 | D:9      | Reached XP level 11. HP: 72/94 MP: 10/27
 12727 | D:11     | Noticed a two-headed ogre
 12732 | D:11     | Killed a two-headed ogre
 12884 | D:11     | Learned a level 2 spell: Passwall
 12890 | D:11     | Killed an unseen horror
 12895 | D:11     | Got an ancient short sword
 12944 | D:11     | Identified the +7 short sword "Kozoel" {drain, rC++ Str-3
                  | Dex+4 Stlth+} (You found it on level 11 of the Dungeon)
 12983 | D:11     | Noticed an eight-headed hydra
 12996 | D:11     | Killed an eight-headed hydra
 13285 | D:11     | Found a staircase to the Lair.
 13477 | D:12     | Found a gate leading to a gauntlet.
 13483 | Gauntlet | Entered a Gauntlet
 13483 | Gauntlet | Found a transporter.
 13483 | Gauntlet | Noticed a necromancer
 13484 | Gauntlet | Found a large runed translucent door.
 13485 | Gauntlet | Found a large runed translucent door.
 13486 | Gauntlet | Found a large runed translucent door.
 13486 | Gauntlet | Found a large runed translucent door.
 13486 | Gauntlet | Found a runed translucent door.
 13487 | Gauntlet | Found a large runed translucent door.
 13488 | Gauntlet | Found a large runed translucent door.
 13489 | Gauntlet | Found a large runed translucent door.
 13489 | Gauntlet | Found a large runed translucent door.
 13490 | Gauntlet | Found a runed translucent gate.
 13490 | Gauntlet | Found a runed translucent gate.
 13492 | Gauntlet | Found a transporter.
 13500 | Gauntlet | Found a runed translucent gate.
 13500 | Gauntlet | Found a runed translucent door.
 13501 | Gauntlet | Found a large runed translucent door.
 13501 | Gauntlet | Found a large runed translucent door.
 13502 | Gauntlet | Found a large runed translucent door.
 13503 | Gauntlet | Found a large runed translucent door.
 13507 | Gauntlet | Found a transporter.
 13512 | Gauntlet | Found a transporter.
 13527 | Gauntlet | Found a transporter.
 13546 | Gauntlet | Found a transporter.
 13558 | Gauntlet | Found a transporter.
 13570 | Gauntlet | Found a transporter.
 13570 | Gauntlet | Noticed a death drake
 13576 | Gauntlet | Found a transporter.
 13576 | Gauntlet | Found a transporter.
 13591 | Gauntlet | Found a transporter.
 13591 | Gauntlet | Noticed a hell beast
 13603 | Gauntlet | Found a transporter.
 13620 | Gauntlet | Found a transporter.
 13638 | Gauntlet | Found a transporter.
 13640 | Gauntlet | Found a transporter.
 13641 | Gauntlet | Noticed a tengu warrior
 13665 | Gauntlet | Found a transporter.
 13667 | Gauntlet | Found a transporter.
 13683 | Gauntlet | Found a large runed translucent door.
 13683 | Gauntlet | Found a large runed translucent door.
 13684 | Gauntlet | Found a large runed translucent door.
 13685 | Gauntlet | Found a large runed translucent door.
 13687 | Gauntlet | Found a transporter.
 13892 | Gauntlet | Killed a necromancer
 14156 | Gauntlet | Reached skill level 13 in Earth Magic
 14301 | Gauntlet | Got a pair of faintly humming boots
 14308 | Gauntlet | Identified the +1 pair of boots of Cyram {rF+ rC+ Int+4}
                  | (You found it in a Gauntlet)
 14347 | Gauntlet | Noticed a minotaur
 14352 | Gauntlet | Killed a minotaur
 14425 | Gauntlet | Found the +2 robe of Vines {NoPotionHeal Regen+7}
 14659 | D:12     | Reached skill level 5 in Dodging
 14697 | D:12     | Found a staircase to the Orcish Mines.
 14815 | D:12     | Noticed a tengu warrior
 14816 | D:12     | Noticed a two-headed ogre
 14824 | D:12     | Killed a two-headed ogre
 14827 | D:12     | Killed a tengu warrior
 14827 | D:12     | Reached XP level 12. HP: 98/101 MP: 7/29
 15010 | D:12     | Identified Poaxtu's Collected Works on Cold
 15639 | D:13     | Found Lifis's Weapon Emporium.
 15647 | D:13     | Bought 13 stones for 23 gold pieces
 16816 | D:14     | Reached skill level 14 in Earth Magic
 17082 | D:14     | Noticed a centaur warrior
 17111 | D:14     | Killed a centaur warrior
 17311 | D:14     | Noticed a four-headed hydra
 17312 | D:14     | Killed a four-headed hydra
 17410 | D:14     | Found a gate to the Vaults.
 17474 | D:14     | Noticed a centaur warrior
 17480 | D:14     | Killed a centaur warrior
 17480 | D:14     | Reached skill level 10 in Spellcasting
 17636 | D:14     | Noticed a centaur warrior
 17650 | D:14     | Killed a centaur warrior
 17650 | D:14     | Reached XP level 13. HP: 82/107 MP: 9/31
 17895 | D:15     | Entered Level 15 of the Dungeon
 17949 | D:14     | Reached skill level 15 in Earth Magic
 18609 | D:15     | Identified the +0 mace of the Beginning {drain, rC+ Int-2
                  | Dex+4 Stlth+}
 18846 | D:15     | Found a staircase to the Depths.
 18921 | D:15     | Found Bazesaiv's Antique Armour Shoppe.
 19220 | Orc:1    | Entered Level 1 of the Orcish Mines
 19790 | Orc:2    | Entered Level 2 of the Orcish Mines
 19884 | Orc:2    | Found a dark tunnel.
 19891 | Volcano  | Entered a volcano
 20228 | Volcano  | Found a radiant altar of Vehumet.
 20357 | Volcano  | Noticed a stone giant
 20373 | Volcano  | Demolished by a stone giant

Levels and vault maps discovered:
D:1:      matt_arrival_spirals, layout_basic
D:2:      layout_rooms, minmay_misc_feat_ornament, grunt_ministairs_7
D:3:      layout_loops_corners, zin_statuary, overflow_temple_1_default,
          first_ration, brannock_xom_greatest_gift
D:4:      layout_cave_pods, nicolae_dithmenos_through_a_glass_darkly,
          chequers_temple_overflow_statue_of_worship, overflow_temple_1_default,
          yredelemnul_forgotten_temple_becter, uniq_edmund
D:5:      cheibrodos_fzero, layout_basic, uniq_eustachio
D:6:      layout_loops_corners, nicolae_overflow_crystal_walls, temple_green
D:7:      layout_layer_cave, tso_metal_star
D:8:      layout_rooms, slow_altar_1, lemuel_doored_altar
D:9:      kennysheep_orc_sif_temple, layout_loops_ring,
          grunt_temple_overflow_champion_of_chaos, gammafunk_ghost_necromancy,
          serial_shops, shop
D:10:     layout_long_grid, blue_anna_alchemist [blue_anna_fruit_fields,
          blue_anna_fruit_fields]
D:11:     layout_cave_pools, david_lair_generic, due_unseen_surprise
D:12:     layout_roguey, orc_0_dummy, gauntlet_entry_generic
D:13:     layout_layer_cave, serial_shops, nicolae_shop_stone
D:14:     layout_roguey, david_vaults_4, nrook_mini_vaults, corexii_corridor_pit
D:15:     grunt_enter_depths_snipers, layout_loops_ring, serial_shops,
          nicolae_shop_trees, minmay_hedge_maze
Orc:1:    layout_caves, roderic_batcave
Orc:2:    grunt_orc_community_town_hall, layout_caves,
          grunt_orc_community_big_house_2, grunt_orc_community_big_house_2,
          grunt_orc_community_house_3, grunt_orc_community_house_1,
          grunt_orc_community_house_2, grunt_orc_community_house_2,
          grunt_orc_community_house_3, grunt_orc_community_house_1,
          nicolae_volcano_entry_two_sided
Volcano:  volcano_lake [vl_original]

Skill      XL: |  1  2  3  4  5  6  7  8  9 10 11 12 13 |
---------------+----------------------------------------+-----
Earth Magic    | 3 4 9 10 11 12 13 14 15 | 15.7
Spellcasting   | 2 5 6 7 8 9 10 | 10.7
Fighting       | 1 2 5 6 7 8 |  8.1
Dodging        | 2 5 7 8 |  8.5
Stealth        | |  1.7
Transmutations | |  0.8

Action                   |  1- 3 |  4- 6 |  7- 9 | 10-12 | 13-15 || total
-------------------------+-------+-------+-------+-------+-------++-------
Melee: Unarmed           |     3 |       |       |       |       ||     3
       Spear             |    80 |   112 |     7 |       |       ||   199
       Hand axe          |       |       |   150 |   113 |       ||   263
       Short sword       |       |       |       |   145 |   127 ||   272
 Cast: Sandblast         |    37 |    29 |    61 |    98 |    40 ||   265
       Lee's Rapid Decon |       |       |    35 |    78 |    31 ||   144
       Stone Arrow       |       |       |     6 |    62 |    32 ||   100
       Petrify           |       |       |       |     5 |       ||     5
       Passwall          |       |       |       |     2 |       ||     2
Evoke: Wand              |       |       |       |     5 |     9 ||    14
       Lamp of fire      |       |       |       |       |     1 ||     1
  Use: Scroll            |       |     6 |     7 |     5 |     5 ||    23
       Potion            |       |     2 |     5 |       |       ||     7
 Stab: Sleeping          |     7 |     4 |     3 |     4 |     1 ||    19
       Distracted        |       |       |     1 |       |       ||     1
  Eat: Chunk             |     4 |     6 |    18 |    24 |     7 ||    59
       Ration            |       |       |     2 |     4 |     1 ||     7
Armor: Robe              |    15 |       |       |    43 |    43 ||   101
       Leather armour    |     4 |    15 |    40 |    42 |       ||   101
Dodge: Dodged            |    48 |    89 |   142 |   297 |   201 ||   777

Table legend:
 A = Non-vault XP
 B = Vault XP
 C = Vault XP percentage of total XP
 D = Non-vault monster count
 E = Vault monster count
 F = Vault count percentage of total count
                 A         B        C        D         E       F
            +---------+---------+-------+---------+---------+-------
      Total |   51680 |   14863 |  22.3 |     430 |      68 |  13.7
            +---------+---------+-------+---------+---------+-------
        D:1 |      35 |       0 |   0.0 |      16 |       0 |   0.0
        D:2 |      45 |       7 |  13.5 |      14 |       1 |   6.7
        D:3 |     105 |       0 |   0.0 |      28 |       0 |   0.0
        D:4 |     420 |       1 |   0.2 |      16 |       1 |   5.9
        D:5 |     836 |     724 |  46.4 |      23 |      11 |  32.4
        D:6 |     577 |       0 |   0.0 |      16 |       0 |   0.0
        D:7 |    1187 |       0 |   0.0 |      38 |       0 |   0.0
        D:8 |    1303 |       5 |   0.4 |      30 |       1 |   3.2
        D:9 |    3543 |    1921 |  35.2 |      32 |      10 |  23.8
       D:10 |    2359 |      92 |   3.8 |      29 |       1 |   3.3
       D:11 |    4021 |    1725 |  30.0 |      28 |       5 |  15.2
       D:12 |    4750 |       0 |   0.0 |      24 |       0 |   0.0
       D:13 |    4853 |       0 |   0.0 |      26 |       0 |   0.0
       D:14 |   13719 |    2418 |  15.0 |      45 |       3 |   6.2
       D:15 |   12164 |    2278 |  15.8 |      34 |       3 |   8.1
      Orc:1 |     926 |      67 |   6.7 |      19 |       8 |  29.6
      Orc:2 |     837 |       0 |   0.0 |      12 |       0 |   0.0
    Volcano |       0 |    2393 | 100.0 |       0 |      14 | 100.0
   Gauntlet |       0 |    3232 | 100.0 |       0 |      10 | 100.0
            +---------+---------+-------+---------+---------+-------
